WCHLSIM.com - West Coast Hockey League
html PUBLIC "-//W3C//DTD XHTML 1.0 Transitional//EN" "http://www.w3.org/TR/xhtml1/DTD/xhtml1-transitional.dtd"> WCHL - Game 1083 - NORTH DAKOTA HAWKS vs EDMONTON ICE

NORTH DAKOTA HAWKS vs EDMONTON ICE

Created - 24 mars 2024 at 20:37

Goals
1 2 3 T
NORTH DAKOTA HAWKS 3 1 0 4
EDMONTON ICE 1 1 0 2
Shots
1 2 3 T
NORTH DAKOTA HAWKS 10 6 13 29
EDMONTON ICE 6 9 7 22

1st period

1. NORTH DAKOTA HAWKS , Beck Malenstyn 3 (Cale Makar 48, Nico Sturm 16) at 5:11
2. NORTH DAKOTA HAWKS , Jonas Siegenthaler 3 (Frederick Gaudreau 22, Erik Johnson 10) at 8:20 (SH)
3. EDMONTON ICE , Tomas Tatar 14 (Thomas Novak 18, Scott Laughton 34) at 10:53
4. NORTH DAKOTA HAWKS , Mathew Dumba 1 (Nick Suzuki 54, Erik Johnson 11) at 18:50

Penalties :
Jack Hughes (NDH) for Holding (Minor) at 0:03, Garnet Hathaway (NDH) for Roughing (Minor) at 6:47, Cale Makar (NDH) for Boarding (Minor) at 12:21

2nd period

5. EDMONTON ICE , Jack Eichel 46 (Alex Tuch 55, Jarred Tinordi 13) at 7:34
6. NORTH DAKOTA HAWKS , Nico Sturm 14 (Beck Malenstyn 5) at 16:20

Penalties :
Mathew Dumba (NDH) for Tripping (Minor) at 4:58, Ryan Graves (EDM) for Interference (Minor) at 10:55

3rd period

No Goal

Penalties :
Tomas Tatar (EDM) for Slashing (Minor) at 3:45, Scott Laughton (EDM) for Tripping (Minor) at 10:41

Goalie Stats

Alex Nedeljkovic (NDH), 20 saves from 22 shots - (0,909), W, 6-8-2, 60:00 minutes
Jonathan Quick (EDM), 14 saves from 14 shots - (1,000), 23:40 minutes
Vitek Vanecek (EDM), 11 saves from 15 shots - (0,733), L, 38-18-4, 36:20 minutes

Players Stats for NORTH DAKOTA HAWKS

Player Name              G  A  P  +/- PIM S  H  SB GA TA FO     MP     PP MP  PK MP  
------------------------------------------------------------------------------------
Beck Malenstyn           1  1  2   2  0   4  1  0  0  0  0/0    10:32   0:00   4:25 
Cale Makar               0  1  1   0  2   2  0  2  0  0  0/0    21:16   2:21   0:00 
Damon Severson           0  0  0   0  0   0  0  1  0  0  0/0    23:17   3:36   5:02 
Erik Johnson             0  2  2   2  0   2  1  2  0  0  0/0    15:26   0:00   2:54 
Frederick Gaudreau       0  1  1   0  0   0  0  0  0  0  9/19   17:36   2:22   3:31 
Garnet Hathaway          0  0  0   2  2   1  0  0  0  0  0/1     6:06   0:00   0:00 
Jack Hughes              0  0  0   0  2   3  0  0  0  0  8/20   17:19   3:36   0:00 
Jake DeBrusk             0  0  0   0  0   1  3  0  0  0  0/1    18:08   3:35   0:00 
Jason Robertson          0  0  0   0  0   1  0  0  0  0  0/1    16:06   2:22   0:00 
Jonas Siegenthaler       1  0  1   1  0   1  1  5  0  0  0/0    21:50   0:00   2:54 
Justin Danforth          0  0  0   0  0   2  0  0  0  0  1/2    17:35   2:21   3:31 
Mathew Dumba             1  0  1   1  2   2  1  0  0  0  0/0    12:31   0:00   0:00 
Nick Foligno             0  0  0  -1  0   0  4  0  0  0  2/2    11:43   0:00   0:00 
Nick Suzuki              0  1  1   0  0   3  2  0  0  0  11/18  18:08   3:35   0:00 
Nico Sturm               1  1  2   2  0   2  0  0  0  0  12/16  10:32   0:00   4:25 
Reyley Smith             0  0  0   0  0   3  1  0  0  0  0/0    18:08   3:35   0:00 
Ryan Hartman             0  0  0   0  0   2  2  0  0  0  0/0    16:06   2:22   0:00 
Ryan Lindgren            0  0  0   0  0   0  0  0  0  0  0/0    19:41   0:00   5:02 

Players Stats for EDMONTON ICE

Player Name              G  A  P  +/- PIM S  H  SB GA TA FO     MP     PP MP  PK MP  
------------------------------------------------------------------------------------
Alex Tuch                0  1  1   0  0   3  1  2  0  0  0/1    21:08   4:35   0:00 
Anthony Beauvillier      0  0  0   0  0   2  1  0  0  0  2/2    18:21   0:00   1:48 
Anthony Mantha           0  0  0   0  0   0  0  0  0  0  0/0     5:41   0:00   0:00 
Anton Lundell            0  0  0   0  0   0  0  0  0  0  7/11    9:32   0:00   3:51 
Dawson Mercer            0  0  0  -3  0   3  0  0  0  0  8/23   19:49   3:21   1:14 
Evgeny Dadonov           0  0  0  -2  0   0  0  0  0  0  2/2     8:40   0:00   0:00 
Jack Eichel              1  0  1   1  0   2  1  0  0  0  10/17  13:39   4:35   0:00 
Jarred Tinordi           0  1  1   0  0   1  0  1  0  0  0/0    15:46   0:00   2:48 
Jonas Brodin             0  0  0  -1  0   0  1  3  0  0  0/0    21:24   3:08   3:28 
Jordan Spence            0  0  0   0  0   0  0  1  0  0  0/0    20:01   4:48   0:25 
Nino Niederreiter        0  0  0  -3  0   1  2  0  0  0  1/1    17:57   3:21   0:15 
Ryan Graves              0  0  0  -2  2   0  2  0  0  0  0/0    21:59   3:08   2:00 
Scott Laughton           0  1  1   1  2   4  3  0  0  0  0/1    20:52   4:35   1:05 
Shea Theodore            0  0  0  -1  0   2  0  1  0  0  0/0    24:02   4:48   0:53 
Tanner Jeannot           0  0  0   0  0   0  0  0  0  0  0/0     3:41   0:00   3:41 
Thomas Novak             0  1  1   1  0   1  0  0  0  0  6/19   15:13   0:00   0:00 
Tomas Tatar              1  0  1  -1  2   2  1  0  0  0  1/3    19:28   3:21   0:00 
Zach Whitecloud          0  0  0   0  0   1  0  0  0  0  0/0    16:47   0:00   2:20 

3 Stars

1 - Beck Malenstyn (NDH)
2 - Nico Sturm (NDH)
3 - Erik Johnson (NDH)

Power Play

NORTH DAKOTA HAWKS - 0 on 3 Attempt(s) - 0,00%
EDMONTON ICE - 0 on 4 Attempt(s) - 0,00%

Penalty Kill

NORTH DAKOTA HAWKS - 4 on 4 Attempt(s) - 100,00% - Score 1 goal in Penalty Kill
EDMONTON ICE - 3 on 3 Attempt(s) - 100,00% - Score 0 goal in Penalty Kill

Team Stat

NORTH DAKOTA HAWKS - Hits : 16 - Faceoff Wins : 43 - Blocked Shots : 10 - Penalty Minutes : 8
EDMONTON ICE - Hits : 12 - Faceoff Wins : 37 - Blocked Shots : 8 - Penalty Minutes : 6

Official

Referees : Brandon Schrader and Sean MacFarlane
Linesman : Kyle Allen and Shaun Morgan

Game Notes

Jack Eichel is injured at 16:14 of 2nd period (Sports Hernia)
Jonathan Quick enters game at 16:20 of 2nd period

Finance

Level 1 -- Attendance: 4675 (77,92%) -- Ticket Income 981 750 $
Level 2 -- Attendance: 3725 (74,50%) -- Ticket Income 521 500 $
Level 3 -- Attendance: 1941 (97,05%) -- Ticket Income 213 510 $
Level 4 -- Attendance: 3002 (50,03%) -- Ticket Income 255 170 $
Luxury Box -- Attendance: 786 (78,60%) -- Ticket Income 294 750 $
Total Attendance: 14129 (70,65%)
Total Ticket Income: 2 266 680 $
Other Expense: 22 667 $
Total Income: 2 244 013 $

NORTH DAKOTA HAWKS

5 vs 5 Forward 
   Center                   Left Wing                Right Wing               Time % Phy DF OF 
 1 Jack Hughes              Jason Robertson          Ryan Hartman             31     0   2  3  
 2 Nick Suzuki              Jake DeBrusk             Reyley Smith             31     0   2  3  
 3 Frederick Gaudreau       Nick Foligno             Justin Danforth          23     0   4  1  
 4 Nico Sturm               Beck Malenstyn           Garnet Hathaway          15     0   5  0  

5 vs 5 Defense 
   Defense                  Defense                                           Time % Phy DF OF 
 1 Jonas Siegenthaler       Cale Makar                                        42     0   4  1  
 2 Ryan Lindgren            Damon Severson                                    36     0   5  0  
 3 Mathew Dumba             Erik Johnson                                      12     0   5  0  
 4 Mathew Dumba             Erik Johnson                                      10     0   5  0  

PowerPlay Forward 
   Center                   Left Wing                Right Wing               Time % Phy DF OF 
 1 Nick Suzuki              Jake DeBrusk             Reyley Smith             65     1   0  4  
 2 Frederick Gaudreau       Jason Robertson          Ryan Hartman             35     1   0  4  

PowerPlay Defense
   Defense                  Defense                                           Time % Phy DF OF 
 1 Justin Danforth          Cale Makar                                        65     0   0  5  
 2 Jack Hughes              Damon Severson                                    35     0   0  5  

Penalty Kill 4 Players Forward 
   Center                   Wing                     Time % Phy DF OF 
 1 Nico Sturm               Beck Malenstyn           55     0   4  1  
 2 Frederick Gaudreau       Justin Danforth          45     0   4  1  

Penalty Kill 4 Players Defense
   Defense                  Defense                  Time % Phy DF OF 
 1 Ryan Lindgren            Damon Severson           55     0   5  0  
 2 Jonas Siegenthaler       Erik Johnson             45     0   5  0  

Penalty Kill - 3 Players Forward 
   Forward                                           Time % Phy DF OF 
 1 Nico Sturm                                        55     0   5  0  
 2 Frederick Gaudreau                                45     0   5  0  

Penalty Kill - 3 Players Defense
   Defense                  Defense                  Time % Phy DF OF 
 1 Ryan Lindgren            Damon Severson           55     0   5  0  
 2 Jonas Siegenthaler       Erik Johnson             45     0   5  0  

4 vs 4 Forward 
   Center                   Wing                     Time % Phy DF OF 
 1 Jack Hughes              Jason Robertson          55     0   1  4  
 2 Nick Suzuki              Jake DeBrusk             45     0   1  4  

4 vs 4 Defense
   Defense                  Defense                  Time % Phy DF OF 
 1 Jonas Siegenthaler       Cale Makar               55     0   1  4  
 2 Ryan Lindgren            Damon Severson           45     0   4  1  

Last Minutes Offensive
   Center                   Left Wing                Right Wing               Defense                  Defense                  
   Nick Suzuki              Jake DeBrusk             Reyley Smith             Jonas Siegenthaler       Cale Makar               

Last Minutes Defensive
   Center                   Left Wing                Right Wing               Defense                  Defense                  
   Nick Suzuki              Jake DeBrusk             Reyley Smith             Jonas Siegenthaler       Cale Makar               

Goaltenders
Starting : Alex Nedeljkovic         
Backup : Linus Ullmark            

Extra Forwards
Normal : Justin Danforth, Nico Sturm, Nick Foligno - PP : Nick Foligno, Nico Sturm - PK : Ryan Hartman
Extra Defensemen
Normal : Mathew Dumba, Erik Johnson, Damon Severson - PP : Ryan Lindgren - PK : Mathew Dumba, Cale Makar
Penalty Shots
Jack Hughes, Jason Robertson, Ryan Hartman, Nick Suzuki, Jake DeBrusk
Custom OT Lines Forwards
Jason Robertson, Nick Suzuki, Ryan Hartman, Jake DeBrusk, Reyley Smith, Frederick Gaudreau, Jack Hughes, Justin Danforth, Nick Foligno, Nico Sturm
Custom OT Lines Defensemen
Cale Makar, Jonas Siegenthaler, Ryan Lindgren, Damon Severson, Erik Johnson

Scratches
Alex Belzile (Strained Right Knee Injury), Paul Stastny (Healthy), Ben Hutton (Healthy), Emil Bemstrom (Healthy), Nick Blankenburg (Healthy)
Scott Wedgewood (Healthy)

EDMONTON ICE

5 vs 5 Forward 
   Center                   Left Wing                Right Wing               Time % Phy DF OF 
 1 Jack Eichel              Anthony Beauvillier      Alex Tuch                36     0   2  3  
 2 Thomas Novak             Scott Laughton           Tomas Tatar              33     1   2  2  
 3 Dawson Mercer            Nino Niederreiter        Evgeny Dadonov           24     1   3  1  
 4 Anton Lundell            Nino Niederreiter        Anthony Mantha           7      0   3  2  

5 vs 5 Defense 
   Defense                  Defense                                           Time % Phy DF OF 
 1 Shea Theodore            Ryan Graves                                       37     1   2  2  
 2 Jonas Brodin             Jordan Spence                                     30     0   3  2  
 3 Zach Whitecloud          Jarred Tinordi                                    23     0   4  1  
 4 Zach Whitecloud          Shea Theodore                                     10     0   3  2  

PowerPlay Forward 
   Center                   Left Wing                Right Wing               Time % Phy DF OF 
 1 Jack Eichel              Scott Laughton           Alex Tuch                65     1   2  2  
 2 Dawson Mercer            Tomas Tatar              Nino Niederreiter        35     1   2  2  

PowerPlay Defense
   Defense                  Defense                                           Time % Phy DF OF 
 1 Shea Theodore            Jordan Spence                                     60     0   2  3  
 2 Ryan Graves              Jonas Brodin                                      40     0   2  3  

Penalty Kill 4 Players Forward 
   Center                   Wing                     Time % Phy DF OF 
 1 Anton Lundell            Tanner Jeannot           60     0   5  0  
 2 Scott Laughton           Anthony Beauvillier      40     0   5  0  

Penalty Kill 4 Players Defense
   Defense                  Defense                  Time % Phy DF OF 
 1 Ryan Graves              Jonas Brodin             60     0   5  0  
 2 Zach Whitecloud          Jarred Tinordi           40     0   5  0  

Penalty Kill - 3 Players Forward 
   Forward                                           Time % Phy DF OF 
 1 Anton Lundell                                     55     0   4  1  
 2 Thomas Novak                                      45     0   4  1  

Penalty Kill - 3 Players Defense
   Defense                  Defense                  Time % Phy DF OF 
 1 Zach Whitecloud          Ryan Graves              55     0   5  0  
 2 Jonas Brodin             Jarred Tinordi           45     0   5  0  

4 vs 4 Forward 
   Center                   Wing                     Time % Phy DF OF 
 1 Dawson Mercer            Nino Niederreiter        55     1   2  2  
 2 Thomas Novak             Evgeny Dadonov           45     1   2  2  

4 vs 4 Defense
   Defense                  Defense                  Time % Phy DF OF 
 1 Shea Theodore            Zach Whitecloud          55     1   2  2  
 2 Ryan Graves              Jarred Tinordi           45     1   2  2  

Last Minutes Offensive
   Center                   Left Wing                Right Wing               Defense                  Defense                  
   Jack Eichel              Scott Laughton           Alex Tuch                Shea Theodore            Jonas Brodin             

Last Minutes Defensive
   Center                   Left Wing                Right Wing               Defense                  Defense                  
   Scott Laughton           Nino Niederreiter        Alex Tuch                Jonas Brodin             Ryan Graves              

Goaltenders
Starting : Vitek Vanecek            
Backup : Jonathan Quick           

Extra Forwards
Normal : Dawson Mercer, Tomas Tatar, Anton Lundell - PP : Thomas Novak, Dawson Mercer - PK : Dawson Mercer
Extra Defensemen
Normal : Shea Theodore, Jonas Brodin, Jordan Spence - PP : Jonas Brodin - PK : Ryan Graves, Shea Theodore
Penalty Shots
Alex Tuch, Jack Eichel, Thomas Novak, Dawson Mercer, Tomas Tatar
Custom OT Lines Forwards
Alex Tuch, Jack Eichel, Scott Laughton, Tomas Tatar, Nino Niederreiter, Dawson Mercer, Thomas Novak, Anthony Beauvillier, Anton Lundell, Evgeny Dadonov
Custom OT Lines Defensemen
Shea Theodore, Jonas Brodin, Ryan Graves, Zach Whitecloud, Jordan Spence

Scratches
Austin Watson (Healthy), Joshua Mahura (Healthy), Michael Matheson (Right Knee Injury)

% Time on Ice - NORTH DAKOTA HAWKS

Lines # - Real PCT - Wanted PCT - Time Play
Normal Forward
1 - 30% - 31% - 13:44
2 - 32% - 31% - 14:33
3 - 25% - 23% - 11:43
4 - 13% - 15% - 6:07
Normal Defense
1 - 41% - 42% - 18:56
2 - 32% - 36% - 14:39
3 - 15% - 12% - 6:49
4 - 12% - 10% - 5:43
PP Forward
1 - 60% - 65% - 3:35
2 - 40% - 35% - 2:22
PP Defense
1 - 39% - 65% - 2:21
2 - 61% - 35% - 3:36
PK Forward
1 - 56% - 55% - 4:25
2 - 44% - 45% - 3:31
PK Defense
1 - 63% - 55% - 5:02
2 - 37% - 45% - 2:54
PK3 Forward
1 - 0% - 55%
2 - 0% - 45%
PK3 Defense
1 - 0% - 55%
2 - 0% - 45%
44 Forward
1 - 0% - 55%
2 - 0% - 45%
44 Defense
1 - 0% - 55%
2 - 0% - 45%
Last Minute Offensive  - 0:00
Last Minute Defensive  - 0:00
Total
Forward - 60:00
Defense - 60:00

% Time on Ice - EDMONTON ICE

Lines # - Real PCT - Wanted PCT - Time Play
Normal Forward
1 - 36% - 36% - 16:33
2 - 33% - 33% - 15:13
3 - 19% - 24% - 8:40
4 - 12% - 7% - 5:41
Normal Defense
1 - 37% - 37% - 16:52
2 - 32% - 30% - 14:48
3 - 28% - 23% - 12:58
4 - 3% - 10% - 1:29
PP Forward
1 - 58% - 65% - 4:35
2 - 42% - 35% - 3:21
PP Defense
1 - 61% - 60% - 4:48
2 - 39% - 40% - 3:08
PK Forward
1 - 70% - 60% - 4:09
2 - 30% - 40% - 1:48
PK Defense
1 - 61% - 60% - 3:37
2 - 39% - 40% - 2:20
PK3 Forward
1 - 0% - 55%
2 - 0% - 45%
PK3 Defense
1 - 0% - 55%
2 - 0% - 45%
44 Forward
1 - 0% - 55%
2 - 0% - 45%
44 Defense
1 - 0% - 55%
2 - 0% - 45%
Last Minute Offensive  - 0:00
Last Minute Defensive  - 0:00
Total
Forward - 60:00
Defense - 60:00

Play-by-Play

1st period


0:01 of 1st period - Jack Eichel wins face-off versus Jack Hughes in neutral zone.
0:03 of 1st period - Minor Penalty to Jack Hughes for Holding.
0:04 of 1st period - Nico Sturm wins face-off versus Jack Eichel in NORTH DAKOTA HAWKS zone.
0:39 of 1st period - Shot by Nico Sturm.
0:39 of 1st period - Stopped by Vitek Vanecek without a rebound.
0:40 of 1st period - Nico Sturm wins face-off versus Tomas Tatar in EDMONTON ICE zone.
0:55 of 1st period - Shot by Beck Malenstyn.
0:55 of 1st period - Shot Misses the Net.
1:01 of 1st period - Shot by Beck Malenstyn.
1:01 of 1st period - Stopped by Vitek Vanecek without a rebound.
1:02 of 1st period - Frederick Gaudreau wins face-off versus Scott Laughton in EDMONTON ICE zone.
1:23 of 1st period - Shot by Alex Tuch.
1:23 of 1st period - Stopped by Alex Nedeljkovic with a rebound.
1:53 of 1st period - Icing by Jonas Brodin.
1:54 of 1st period - Nico Sturm wins face-off versus Dawson Mercer in EDMONTON ICE zone.
2:15 of 1st period - Zach Whitecloud is hit by Jake DeBrusk and loses puck.
2:33 of 1st period - Anton Lundell is hit by Nick Suzuki.
2:34 of 1st period - Off-side.
2:35 of 1st period - Jack Eichel wins face-off versus Jack Hughes in neutral zone.
2:54 of 1st period - Shot by Ryan Hartman.
2:54 of 1st period - Shot Misses the Net.
3:41 of 1st period - Ryan Hartman is hit by Tomas Tatar.
4:11 of 1st period - Scott Laughton is hit by Nick Foligno.
4:14 of 1st period - Off-side.
4:15 of 1st period - Nick Suzuki wins face-off versus Dawson Mercer in neutral zone.
4:18 of 1st period - Dawson Mercer is hit by Reyley Smith and loses puck.
4:37 of 1st period - Shot by Reyley Smith.
4:37 of 1st period - Stopped by Vitek Vanecek without a rebound.
4:38 of 1st period - Anthony Beauvillier wins face-off versus Frederick Gaudreau in EDMONTON ICE zone.
4:49 of 1st period - Shot by Nick Foligno.
4:49 of 1st period - Shot Misses the Net.
4:51 of 1st period - Shot by Erik Johnson.
4:51 of 1st period - Shot Hit the Post.
4:53 of 1st period - Shot by Frederick Gaudreau.
4:53 of 1st period - Deflect By Nick Foligno.
4:53 of 1st period - Shot Blocked by Alex Tuch.
4:55 of 1st period - Shot by Frederick Gaudreau.
4:55 of 1st period - Shot Blocked by Shea Theodore.
4:57 of 1st period - Shot by Justin Danforth.
4:57 of 1st period - Stopped by Vitek Vanecek without a rebound.
4:58 of 1st period - Nico Sturm wins face-off versus Dawson Mercer in EDMONTON ICE zone.
4:59 of 1st period - Shot by Beck Malenstyn.
4:59 of 1st period - Shot Misses the Net.
5:09 of 1st period - Shot by Beck Malenstyn.
5:09 of 1st period - Stopped by Vitek Vanecek with a rebound.
5:11 of 1st period - Shot by Beck Malenstyn.
5:11 of 1st period - Goal by Beck Malenstyn - NORTH DAKOTA HAWKS : 1 - EDMONTON ICE : 0.
5:12 of 1st period - Thomas Novak wins face-off versus Frederick Gaudreau in neutral zone.
5:12 of 1st period - Scott Laughton is hit by Nick Foligno.
5:44 of 1st period - Shot by Justin Danforth.
5:44 of 1st period - Stopped by Vitek Vanecek without a rebound.
5:45 of 1st period - Nick Suzuki wins face-off versus Jack Eichel in EDMONTON ICE zone.
6:00 of 1st period - Nick Suzuki is hit by Alex Tuch and loses puck.
6:13 of 1st period - Shot by Alex Tuch.
6:13 of 1st period - Shot Blocked by Cale Makar.
6:15 of 1st period - Shot by Anthony Beauvillier.
6:15 of 1st period - Shot Misses the Net.
6:17 of 1st period - Shot by Alex Tuch.
6:17 of 1st period - Shot Misses the Net.
6:22 of 1st period - Icing by Cale Makar.
6:23 of 1st period - Dawson Mercer wins face-off versus Nick Suzuki in NORTH DAKOTA HAWKS zone.
6:47 of 1st period - Minor Penalty to Garnet Hathaway for Roughing.
6:48 of 1st period - Jack Eichel wins face-off versus Nico Sturm in NORTH DAKOTA HAWKS zone.
7:05 of 1st period - Icing by Shea Theodore.
7:06 of 1st period - Nico Sturm wins face-off versus Jack Eichel in EDMONTON ICE zone.
8:18 of 1st period - Shot by Frederick Gaudreau.
8:18 of 1st period - Shot Misses the Net.
8:20 of 1st period - Shot by Jonas Siegenthaler.
8:20 of 1st period - Goal by Jonas Siegenthaler - NORTH DAKOTA HAWKS : 2 - EDMONTON ICE : 0.
8:21 of 1st period - Nico Sturm wins face-off versus Dawson Mercer in neutral zone.
8:34 of 1st period - Shot by Nino Niederreiter.
8:34 of 1st period - Shot Misses the Net.
9:16 of 1st period - Shot by Anton Lundell.
9:16 of 1st period - Deflect By Nino Niederreiter.
9:16 of 1st period - Shot Blocked by Erik Johnson.
9:42 of 1st period - Shot by Ryan Hartman.
9:42 of 1st period - Shot Misses the Net.
9:53 of 1st period - Off-side.
9:54 of 1st period - Frederick Gaudreau wins face-off versus Thomas Novak in neutral zone.
10:04 of 1st period - Off-side.
10:05 of 1st period - Nico Sturm wins face-off versus Jack Eichel in neutral zone.
10:12 of 1st period - Icing by Shea Theodore.
10:13 of 1st period - Jack Eichel wins face-off versus Jack Hughes in EDMONTON ICE zone.
10:13 of 1st period - Alex Tuch is hit by Ryan Hartman and loses puck.
10:24 of 1st period - Shot by Anthony Beauvillier.
10:24 of 1st period - Stopped by Alex Nedeljkovic without a rebound.
10:25 of 1st period - Frederick Gaudreau wins face-off versus Thomas Novak in NORTH DAKOTA HAWKS zone.
10:25 of 1st period - Frederick Gaudreau is hit by Scott Laughton.
10:41 of 1st period - Shot by Scott Laughton.
10:41 of 1st period - Deflect By Thomas Novak.
10:41 of 1st period - Shot Misses the Net.
10:51 of 1st period - Shot by Thomas Novak.
10:51 of 1st period - Shot Misses the Net.
10:53 of 1st period - Shot by Tomas Tatar.
10:53 of 1st period - Goal by Tomas Tatar - NORTH DAKOTA HAWKS : 2 - EDMONTON ICE : 1.
10:54 of 1st period - Jack Eichel wins face-off versus Garnet Hathaway in neutral zone.
11:20 of 1st period - Shot by Jack Eichel.
11:20 of 1st period - Stopped by Alex Nedeljkovic without a rebound.
11:21 of 1st period - Jack Hughes wins face-off versus Thomas Novak in NORTH DAKOTA HAWKS zone.
11:30 of 1st period - Shot by Cale Makar.
11:30 of 1st period - Stopped by Vitek Vanecek without a rebound.
11:31 of 1st period - Jack Hughes wins face-off versus Dawson Mercer in EDMONTON ICE zone.
11:57 of 1st period - Shot by Shea Theodore.
11:57 of 1st period - Shot Misses the Net.
12:00 of 1st period - Icing by Jonas Siegenthaler.
12:01 of 1st period - Jack Hughes wins face-off versus Thomas Novak in NORTH DAKOTA HAWKS zone.
12:01 of 1st period - Jack Hughes is hit by Scott Laughton.
12:09 of 1st period - Shot by Tomas Tatar.
12:09 of 1st period - Shot Blocked by Jonas Siegenthaler.
12:18 of 1st period - Icing by Cale Makar.
12:19 of 1st period - Jack Eichel wins face-off versus Jack Hughes in NORTH DAKOTA HAWKS zone.
12:21 of 1st period - Minor Penalty to Cale Makar for Boarding.
12:22 of 1st period - Jack Eichel wins face-off versus Nico Sturm in NORTH DAKOTA HAWKS zone.
12:23 of 1st period - Shot by Alex Tuch.
12:23 of 1st period - Stopped by Alex Nedeljkovic without a rebound.
12:24 of 1st period - Nico Sturm wins face-off versus Jack Eichel in NORTH DAKOTA HAWKS zone.
12:24 of 1st period - Nico Sturm is hit by Jack Eichel.
13:25 of 1st period - Ryan Lindgren is hit by Nino Niederreiter and loses puck.
13:36 of 1st period - Shot by Tomas Tatar.
13:36 of 1st period - Stopped by Alex Nedeljkovic without a rebound.
13:37 of 1st period - Frederick Gaudreau wins face-off versus Dawson Mercer in NORTH DAKOTA HAWKS zone.
15:27 of 1st period - Shot by Jason Robertson.
15:27 of 1st period - Shot Misses the Net.
15:29 of 1st period - Shot by Jason Robertson.
15:29 of 1st period - Shot Blocked by Jordan Spence.
15:31 of 1st period - Shot by Ryan Hartman.
15:31 of 1st period - Shot Blocked by Jonas Brodin.
15:49 of 1st period - Shot by Jason Robertson.
15:49 of 1st period - Deflect By Jack Hughes.
15:49 of 1st period - Shot Misses the Net.
16:05 of 1st period - Shot by Frederick Gaudreau.
16:05 of 1st period - Deflect By Justin Danforth.
16:05 of 1st period - Shot Blocked by Jonas Brodin.
16:07 of 1st period - Shot by Damon Severson.
16:07 of 1st period - Shot Misses the Net.
17:06 of 1st period - Off-side.
17:07 of 1st period - Evgeny Dadonov wins face-off versus Nico Sturm in neutral zone.
18:48 of 1st period - Shot by Nick Suzuki.
18:48 of 1st period - Shot Misses the Net.
18:50 of 1st period - Shot by Mathew Dumba.
18:50 of 1st period - Goal by Mathew Dumba - NORTH DAKOTA HAWKS : 3 - EDMONTON ICE : 1.
18:51 of 1st period - Jack Eichel wins face-off versus Jack Hughes in neutral zone.
19:04 of 1st period - Off-side.
19:05 of 1st period - Jack Eichel wins face-off versus Frederick Gaudreau in neutral zone.
19:09 of 1st period - Shot by Jack Eichel.
19:09 of 1st period - Deflect By Alex Tuch.
19:09 of 1st period - Shot Misses the Net.
Goals for this period are 3 for NORTH DAKOTA HAWKS vs 1 for EDMONTON ICE.
Shots for this period are 10 for NORTH DAKOTA HAWKS vs 6 for EDMONTON ICE.

2nd period


0:01 of 2nd period - Jack Hughes wins face-off versus Alex Tuch in neutral zone.
1:06 of 2nd period - Shot by Scott Laughton.
1:06 of 2nd period - Stopped by Alex Nedeljkovic with a rebound.
1:16 of 2nd period - Shot by Scott Laughton.
1:16 of 2nd period - Shot Blocked by Jonas Siegenthaler.
2:19 of 2nd period - Shot by Evgeny Dadonov.
2:19 of 2nd period - Shot Misses the Net.
2:21 of 2nd period - Shot by Zach Whitecloud.
2:21 of 2nd period - Stopped by Alex Nedeljkovic with a rebound.
4:06 of 2nd period - Shot by Scott Laughton.
4:06 of 2nd period - Stopped by Alex Nedeljkovic with a rebound.
4:29 of 2nd period - Shot by Nino Niederreiter.
4:29 of 2nd period - Stopped by Alex Nedeljkovic with a rebound.
4:34 of 2nd period - Off-side.
4:35 of 2nd period - Nino Niederreiter wins face-off versus Jake DeBrusk in neutral zone.
4:58 of 2nd period - Minor Penalty to Mathew Dumba for Tripping.
4:59 of 2nd period - Nico Sturm wins face-off versus Jack Eichel in NORTH DAKOTA HAWKS zone.
6:01 of 2nd period - Off-side.
6:02 of 2nd period - Dawson Mercer wins face-off versus Frederick Gaudreau in neutral zone.
6:06 of 2nd period - Off-side.
6:07 of 2nd period - Justin Danforth wins face-off versus Dawson Mercer in neutral zone.
6:20 of 2nd period - Shot by Nino Niederreiter.
6:20 of 2nd period - Shot Misses the Net.
7:00 of 2nd period - Shot by Alex Tuch.
7:00 of 2nd period - Shot Blocked by Erik Johnson.
7:34 of 2nd period - Shot by Jack Eichel.
7:34 of 2nd period - Goal by Jack Eichel - NORTH DAKOTA HAWKS : 3 - EDMONTON ICE : 2.
7:35 of 2nd period - Anton Lundell wins face-off versus Jack Hughes in neutral zone.
7:43 of 2nd period - Icing by Jonas Siegenthaler.
7:44 of 2nd period - Thomas Novak wins face-off versus Jack Hughes in NORTH DAKOTA HAWKS zone.
8:08 of 2nd period - Cale Makar is hit by Ryan Graves and loses puck.
8:21 of 2nd period - Shot by Thomas Novak.
8:21 of 2nd period - Shot Misses the Net.
8:37 of 2nd period - Shot by Alex Tuch.
8:37 of 2nd period - Stopped by Alex Nedeljkovic without a rebound.
8:38 of 2nd period - Nick Suzuki wins face-off versus Jack Eichel in NORTH DAKOTA HAWKS zone.
9:23 of 2nd period - Shot by Reyley Smith.
9:23 of 2nd period - Stopped by Vitek Vanecek without a rebound.
9:24 of 2nd period - Evgeny Dadonov wins face-off versus Justin Danforth in EDMONTON ICE zone.
10:01 of 2nd period - Evgeny Dadonov is hit by Nick Foligno and loses puck.
10:25 of 2nd period - Shot by Shea Theodore.
10:25 of 2nd period - Stopped by Alex Nedeljkovic without a rebound.
10:26 of 2nd period - Nick Suzuki wins face-off versus Thomas Novak in NORTH DAKOTA HAWKS zone.
10:26 of 2nd period - Nick Suzuki is hit by Scott Laughton.
10:55 of 2nd period - Minor Penalty to Ryan Graves for Interference.
10:56 of 2nd period - Anton Lundell wins face-off versus Frederick Gaudreau in EDMONTON ICE zone.
11:05 of 2nd period - Shot by Jason Robertson.
11:05 of 2nd period - Shot Misses the Net.
11:07 of 2nd period - Shot by Frederick Gaudreau.
11:07 of 2nd period - Shot Hit the Post.
11:43 of 2nd period - Anthony Beauvillier is hit by Jake DeBrusk and loses puck.
12:16 of 2nd period - Icing by Jake DeBrusk.
12:17 of 2nd period - Anton Lundell wins face-off versus Nick Suzuki in NORTH DAKOTA HAWKS zone.
13:29 of 2nd period - Shot by Garnet Hathaway.
13:29 of 2nd period - Stopped by Vitek Vanecek without a rebound.
13:30 of 2nd period - Nick Foligno wins face-off versus Thomas Novak in EDMONTON ICE zone.
13:33 of 2nd period - Shot by Frederick Gaudreau.
13:33 of 2nd period - Deflect By Nick Foligno.
13:33 of 2nd period - Shot Misses the Net.
13:35 of 2nd period - Shot by Frederick Gaudreau.
13:35 of 2nd period - Shot Blocked by Jarred Tinordi.
14:44 of 2nd period - Alex Tuch is hit by Erik Johnson and loses puck.
14:55 of 2nd period - Shot by Jason Robertson.
14:55 of 2nd period - Deflect By Jack Hughes.
14:55 of 2nd period - Stopped by Vitek Vanecek without a rebound.
14:56 of 2nd period - Nick Suzuki wins face-off versus Dawson Mercer in EDMONTON ICE zone.
15:04 of 2nd period - Reyley Smith is hit by Ryan Graves and loses puck.
16:12 of 2nd period - Shot by Ryan Hartman.
16:12 of 2nd period - Stopped by Vitek Vanecek without a rebound.
16:13 of 2nd period - Jack Eichel wins face-off versus Nico Sturm in EDMONTON ICE zone.
16:13 of 2nd period - Jack Eichel is hit by Beck Malenstyn.
16:14 of 2nd period - Jack Eichel from EDMONTON ICE is injured at 16:14 of 2nd period (Sports Hernia).
16:15 of 2nd period - Nico Sturm wins face-off versus Tomas Tatar in EDMONTON ICE zone.
16:20 of 2nd period - Shot by Nico Sturm.
16:20 of 2nd period - Goal by Nico Sturm - NORTH DAKOTA HAWKS : 4 - EDMONTON ICE : 2.
16:20 of 2nd period - Jonathan Quick enters game.
16:21 of 2nd period - Dawson Mercer wins face-off versus Jason Robertson in neutral zone.
16:45 of 2nd period - Shot by Anthony Beauvillier.
16:45 of 2nd period - Shot Blocked by Jonas Siegenthaler.
17:21 of 2nd period - Shot by Scott Laughton.
17:21 of 2nd period - Stopped by Alex Nedeljkovic with a rebound.
17:23 of 2nd period - Shot by Scott Laughton.
17:23 of 2nd period - Stopped by Alex Nedeljkovic without a rebound.
17:24 of 2nd period - Nick Suzuki wins face-off versus Anton Lundell in NORTH DAKOTA HAWKS zone.
17:24 of 2nd period - Nick Suzuki is hit by Nino Niederreiter.
17:38 of 2nd period - Shot by Nick Suzuki.
17:38 of 2nd period - Stopped by Jonathan Quick without a rebound.
17:39 of 2nd period - Frederick Gaudreau wins face-off versus Thomas Novak in EDMONTON ICE zone.
18:01 of 2nd period - Shot by Scott Laughton.
18:01 of 2nd period - Shot Misses the Net.
19:05 of 2nd period - Alex Tuch is hit by Jake DeBrusk.
19:08 of 2nd period - Shea Theodore is hit by Nick Suzuki and loses puck.
19:33 of 2nd period - Shot by Nino Niederreiter.
19:33 of 2nd period - Shot Blocked by Jonas Siegenthaler.
19:35 of 2nd period - Shot by Nino Niederreiter.
19:35 of 2nd period - Shot Blocked by Jonas Siegenthaler.
19:44 of 2nd period - Off-side.
19:45 of 2nd period - Nico Sturm wins face-off versus Thomas Novak in neutral zone.
19:49 of 2nd period - Icing by Thomas Novak.
19:50 of 2nd period - Thomas Novak wins face-off versus Jack Hughes in EDMONTON ICE zone.
Goals for this period are 1 for NORTH DAKOTA HAWKS vs 1 for EDMONTON ICE.
Shots for this period are 6 for NORTH DAKOTA HAWKS vs 9 for EDMONTON ICE.

3rd period


0:01 of 3rd period - Thomas Novak wins face-off versus Nick Suzuki in neutral zone.
0:36 of 3rd period - Shot by Nick Suzuki.
0:36 of 3rd period - Shot Misses the Net.
1:11 of 3rd period - Off-side.
1:12 of 3rd period - Nico Sturm wins face-off versus Anton Lundell in neutral zone.
2:05 of 3rd period - Off-side.
2:06 of 3rd period - Jack Hughes wins face-off versus Dawson Mercer in neutral zone.
2:19 of 3rd period - Shot by Jason Robertson.
2:19 of 3rd period - Shot Blocked by Alex Tuch.
2:21 of 3rd period - Shot by Mathew Dumba.
2:21 of 3rd period - Stopped by Jonathan Quick with a rebound.
2:23 of 3rd period - Shot by Jack Hughes.
2:23 of 3rd period - Stopped by Jonathan Quick with a rebound.
2:25 of 3rd period - Shot by Jack Hughes.
2:25 of 3rd period - Shot Misses the Net.
2:27 of 3rd period - Shot by Erik Johnson.
2:27 of 3rd period - Stopped by Jonathan Quick without a rebound.
2:28 of 3rd period - Nick Suzuki wins face-off versus Thomas Novak in EDMONTON ICE zone.
2:52 of 3rd period - Shot by Thomas Novak.
2:52 of 3rd period - Stopped by Alex Nedeljkovic without a rebound.
2:53 of 3rd period - Dawson Mercer wins face-off versus Jack Hughes in NORTH DAKOTA HAWKS zone.
2:53 of 3rd period - Dawson Mercer is hit by Mathew Dumba.
3:05 of 3rd period - Shot by Jason Robertson.
3:05 of 3rd period - Shot Misses the Net.
3:31 of 3rd period - Shot by Jack Hughes.
3:31 of 3rd period - Shot Misses the Net.
3:35 of 3rd period - Shot by Ryan Hartman.
3:35 of 3rd period - Shot Misses the Net.
3:37 of 3rd period - Shot by Erik Johnson.
3:37 of 3rd period - Stopped by Jonathan Quick without a rebound.
3:38 of 3rd period - Nick Foligno wins face-off versus Thomas Novak in EDMONTON ICE zone.
3:45 of 3rd period - Minor Penalty to Tomas Tatar for Slashing.
3:46 of 3rd period - Nick Suzuki wins face-off versus Anton Lundell in EDMONTON ICE zone.
3:49 of 3rd period - Shot by Jake DeBrusk.
3:49 of 3rd period - Stopped by Jonathan Quick with a rebound.
4:05 of 3rd period - Shot by Cale Makar.
4:05 of 3rd period - Shot Misses the Net.
5:53 of 3rd period - Shot by Beck Malenstyn.
5:53 of 3rd period - Deflect By Nico Sturm.
5:53 of 3rd period - Shot Misses the Net.
6:16 of 3rd period - Shot by Garnet Hathaway.
6:16 of 3rd period - Deflect By Nico Sturm.
6:16 of 3rd period - Shot Misses the Net.
6:18 of 3rd period - Shot by Beck Malenstyn.
6:18 of 3rd period - Stopped by Jonathan Quick without a rebound.
6:19 of 3rd period - Nick Suzuki wins face-off versus Thomas Novak in EDMONTON ICE zone.
6:42 of 3rd period - Shot by Thomas Novak.
6:42 of 3rd period - Shot Misses the Net.
6:48 of 3rd period - Shot by Jake DeBrusk.
6:48 of 3rd period - Shot Misses the Net.
7:11 of 3rd period - Icing by Shea Theodore.
7:12 of 3rd period - Thomas Novak wins face-off versus Jack Hughes in EDMONTON ICE zone.
7:51 of 3rd period - Shot by Ryan Hartman.
7:51 of 3rd period - Stopped by Jonathan Quick without a rebound.
7:52 of 3rd period - Dawson Mercer wins face-off versus Frederick Gaudreau in EDMONTON ICE zone.
7:54 of 3rd period - Icing by Alex Tuch.
7:55 of 3rd period - Frederick Gaudreau wins face-off versus Dawson Mercer in EDMONTON ICE zone.
8:11 of 3rd period - Icing by Cale Makar.
8:12 of 3rd period - Anton Lundell wins face-off versus Frederick Gaudreau in NORTH DAKOTA HAWKS zone.
8:12 of 3rd period - Nino Niederreiter is hit by Jonas Siegenthaler and loses puck.
8:16 of 3rd period - Icing by Jonas Siegenthaler.
8:17 of 3rd period - Frederick Gaudreau wins face-off versus Dawson Mercer in NORTH DAKOTA HAWKS zone.
8:35 of 3rd period - Icing by Jordan Spence.
8:36 of 3rd period - Dawson Mercer wins face-off versus Nick Suzuki in EDMONTON ICE zone.
8:41 of 3rd period - Shot by Nino Niederreiter.
8:41 of 3rd period - Shot Blocked by Damon Severson.
8:43 of 3rd period - Shot by Dawson Mercer.
8:43 of 3rd period - Stopped by Alex Nedeljkovic with a rebound.
9:07 of 3rd period - Icing by Jonas Brodin.
9:08 of 3rd period - Jack Hughes wins face-off versus Dawson Mercer in EDMONTON ICE zone.
9:17 of 3rd period - Shot by Jack Hughes.
9:17 of 3rd period - Shot Misses the Net.
9:19 of 3rd period - Shot by Jack Hughes.
9:19 of 3rd period - Deflect By Jason Robertson.
9:19 of 3rd period - Shot Blocked by Jonas Brodin.
9:21 of 3rd period - Shot by Cale Makar.
9:21 of 3rd period - Stopped by Jonathan Quick without a rebound.
9:22 of 3rd period - Tomas Tatar wins face-off versus Frederick Gaudreau in EDMONTON ICE zone.
9:54 of 3rd period - Shot by Frederick Gaudreau.
9:54 of 3rd period - Shot Misses the Net.
9:56 of 3rd period - Shot by Justin Danforth.
9:56 of 3rd period - Deflect By Frederick Gaudreau.
9:56 of 3rd period - Shot Misses the Net.
9:58 of 3rd period - Shot by Mathew Dumba.
9:58 of 3rd period - Shot Misses the Net.
10:26 of 3rd period - Off-side.
10:27 of 3rd period - Dawson Mercer wins face-off versus Jack Hughes in neutral zone.
10:40 of 3rd period - Shot by Dawson Mercer.
10:40 of 3rd period - Stopped by Alex Nedeljkovic without a rebound.
10:41 of 3rd period - Nick Suzuki wins face-off versus Thomas Novak in NORTH DAKOTA HAWKS zone.
10:41 of 3rd period - Minor Penalty to Scott Laughton for Tripping.
10:42 of 3rd period - Nick Suzuki wins face-off versus Anton Lundell in EDMONTON ICE zone.
12:11 of 3rd period - Shot by Dawson Mercer.
12:11 of 3rd period - Stopped by Alex Nedeljkovic with a rebound.
12:19 of 3rd period - Shot by Jason Robertson.
12:19 of 3rd period - Stopped by Jonathan Quick without a rebound.
12:20 of 3rd period - Anton Lundell wins face-off versus Frederick Gaudreau in EDMONTON ICE zone.
14:19 of 3rd period - Shot by Shea Theodore.
14:19 of 3rd period - Stopped by Alex Nedeljkovic without a rebound.
14:20 of 3rd period - Anton Lundell wins face-off versus Nick Suzuki in NORTH DAKOTA HAWKS zone.
14:42 of 3rd period - Shot by Reyley Smith.
14:42 of 3rd period - Stopped by Jonathan Quick without a rebound.
14:43 of 3rd period - Jack Hughes wins face-off versus Dawson Mercer in EDMONTON ICE zone.
14:57 of 3rd period - Icing by Jarred Tinordi.
14:58 of 3rd period - Anthony Beauvillier wins face-off versus Nick Suzuki in EDMONTON ICE zone.
15:03 of 3rd period - Shot by Alex Tuch.
15:03 of 3rd period - Shot Misses the Net.
15:05 of 3rd period - Shot by Alex Tuch.
15:05 of 3rd period - Shot Misses the Net.
15:07 of 3rd period - Shot by Jarred Tinordi.
15:07 of 3rd period - Stopped by Alex Nedeljkovic without a rebound.
15:08 of 3rd period - Jack Hughes wins face-off versus Thomas Novak in NORTH DAKOTA HAWKS zone.
15:24 of 3rd period - Jack Hughes is hit by Jonas Brodin.
16:16 of 3rd period - Shot by Nick Suzuki.
16:16 of 3rd period - Stopped by Jonathan Quick without a rebound.
16:17 of 3rd period - Frederick Gaudreau wins face-off versus Dawson Mercer in EDMONTON ICE zone.
16:26 of 3rd period - Alex Tuch is hit by Nick Foligno and loses puck.
16:39 of 3rd period - Shot by Anthony Beauvillier.
16:39 of 3rd period - Stopped by Alex Nedeljkovic without a rebound.
16:40 of 3rd period - Anton Lundell wins face-off versus Nick Suzuki in NORTH DAKOTA HAWKS zone.
17:39 of 3rd period - Shot by Jack Hughes.
17:39 of 3rd period - Stopped by Jonathan Quick without a rebound.
17:40 of 3rd period - Thomas Novak wins face-off versus Frederick Gaudreau in EDMONTON ICE zone.
17:55 of 3rd period - Icing by Nick Foligno.
17:56 of 3rd period - Frederick Gaudreau wins face-off versus Dawson Mercer in NORTH DAKOTA HAWKS zone.
18:24 of 3rd period - Justin Danforth is hit by Anthony Beauvillier and loses puck.
18:29 of 3rd period - Shot by Alex Tuch.
18:29 of 3rd period - Deflect By Anthony Beauvillier.
18:29 of 3rd period - Shot Blocked by Cale Makar.
19:53 of 3rd period - Shot by Nick Suzuki.
19:53 of 3rd period - Stopped by Jonathan Quick without a rebound.
19:54 of 3rd period - Dawson Mercer wins face-off versus Jack Hughes in EDMONTON ICE zone.
19:54 of 3rd period - Alex Tuch is hit by Ryan Hartman and loses puck.
Goals for this period are 0 for NORTH DAKOTA HAWKS vs 0 for EDMONTON ICE.
Shots for this period are 13 for NORTH DAKOTA HAWKS vs 7 for EDMONTON ICE.


BLAKE
WHEELER
STEVEN
STAMKOS
DREW
DOUGHTY

EAST COAST

HOCKEY LEAGUE

  • 63.RHI2PIT5
  • 64.WOR4ATL3
  • 65.QUECHW
  • 66.CHATRV